Map: Catalyst LE

Players

NXZ

  • Race: Zerg Zerg
  • Spawn Location: 5:00

PappiJoe - Winner!

  • Race: Protoss Protoss
  • Spawn Location: 11:00

Event: WCS Valencia 2018

VOD

Have the link to the VOD?

Description

Time

  • Played on: July 12, 2018, 6:29 a.m.
  • Length: 13:56

All games in this series

Show
View Real Time Build Order
Export as new Build Order

NXZ Zerg 

Build Orders: Hatch First, Lurkers, Roach Hydra 

Get SALT Encoding   

  12  0:01  Drone  
  13  0:08  Drone  
  14  0:17  Overlord  
  14  0:22  Extractor  
  14  0:24  Drone  
  15  0:35  Drone x2  
  17  0:52  Hatchery  
  17  0:55  Drone  
  17  0:58  Drone  
  18  1:09  Extractor  
  17  1:14  Spawning Pool  
  17  1:16  Drone  
  17  1:20  Drone  
  18  1:27  Drone  
  19  1:38  Overlord  
  19  1:51  Drone  
  20  2:02  Zergling x2  
  20  2:03  Queen  
  20  2:05  Drone, Queen  
  26  2:09  Metabolic Boost  
  26  2:11  Drone  
  26  2:15  Drone  
  28  2:21  Drone  
  29  2:26  Drone  
  30  2:32  Drone  
  31  2:41  Queen  
  33  2:46  Hatchery  
  33  2:51  Overlord  
  32  2:53  Zergling x2  
  32  2:55  Zergling x2  
  34  3:00  Drone x2  
  34  3:05  Overlord  
  36  3:10  Zergling x2  
  37  3:13  Zergling x2  
  37  3:14  Drone x3  
  41  3:23  Drone x4  
  45  3:28  Drone  
  46  3:34  Drone  
  46  3:38  Spore Crawler  
  46  3:39  Spore Crawler  
  46  3:40  Queen  
  47  3:47  Spore Crawler  
  46  3:50  Drone x4  
  46  3:51  Drone  
  46  3:53  Drone  
  52  3:56  Overlord  
  52  4:02  Overlord  
  52  4:05  Drone x3  
  52  4:08  Drone  
  56  4:11  Overlord  
  56  4:18  Lair  
  53  4:26  Drone x6  
  53  4:27  Drone  
  60  4:32  Extractor x2  
  60  4:34  Roach Warren  
  60  4:35  Drone  
  60  4:37  Drone  
  60  4:38  Drone  
  60  4:40  Drone  
  60  4:43  Drone x2  
  63  4:48  Drone x2  
  63  4:51  Overlord, Evolution Chamber  
  64  4:56  Drone x2  
  64  4:58  Drone x2  
  64  4:59  Drone  
  69  5:01  Drone  
  69  5:05  Drone x2  
  72  5:08  Overlord  
  71  5:15  Glial Reconstitution  
  71  5:16  Zerg Missile Weapons Level 1  
  71  5:17  Roach  
  71  5:18  Roach x2  
  71  5:19  Roach  
  79  5:24  Extractor x2  
  79  5:25  Roach  
  79  5:26  Roach  
  81  5:31  Overlord x2  
  81  5:33  Roach x2  
  85  5:36  Roach x2  
  89  5:45  Overlord x2  
  89  5:46  Overlord  
  89  5:56  Roach  
  89  5:57  Hatchery, Roach x2  
  94  6:00  Roach x2  
  94  6:03  Roach  
  94  6:04  Roach  
  102  6:07  Roach x2  
  106  6:12  Roach x2  
  106  6:14  Overseer  
  110  6:23  Overlord  
  110  6:24  Overlord  
  110  6:26  Roach x4  
  110  6:31  Roach x3  
  124  6:37  Roach  
  124  6:38  Roach  
  128  6:40  Ravager  
  128  6:41  Overlord x2  
  128  6:43  Ravager x4  
  128  6:46  Roach  
  135  6:51  Roach x3  
  135  6:53  Roach  
  143  7:01  Roach x4  
  135  7:11  Roach x5  
  120  7:23  Extractor, Hydralisk Den  
  109  7:32  Drone  
  109  7:33  Drone x2  
  109  7:36  Roach x9  
  123  7:42  Roach  
  123  7:43  Roach x3  
  129  7:53  Zergling x10  
  129  7:55  Muscular Augments  
  129  7:58  Drone x3  
  137  8:00  Hydralisk  
  137  8:01  Hydralisk  
  137  8:04  Hydralisk  
  143  8:18  Hydralisk  
  143  8:19  Hydralisk x4  
  149  8:27  Hydralisk  
  149  8:28  Hydralisk x3  
  138  8:48  Hydralisk  
  138  8:49  Hydralisk x6  
  142  9:01  Roach x5  
  148  9:06  Grooved Spines  
  148  9:08  Zergling x2  
  148  9:09  Zergling x10  
  138  9:12  Drone x2  
  138  9:13  Drone  
  131  9:21  Zergling x2  
  131  9:22  Lurker Den, Zergling x10  
  136  9:27  Overseer  
  134  9:31  Roach  
  134  9:32  Roach x3  
  134  9:36  Roach x2  
  122  9:42  Zergling x2  
  122  9:43  Zergling x10  
  110  9:47  Zergling x8  
  102  9:54  Hydralisk x3  
  104  10:01  Roach  
  104  10:02  Roach x3  
  102  10:11  Roach x3  
  87  10:17  Hydralisk x2  
  82  10:27  Drone x6  
  88  10:32  Queen  
  90  10:38  Hydralisk  
  90  10:39  Hydralisk  
  94  10:43  Hydralisk  
  94  10:44  Hydralisk  
  94  10:49  Zerg Missile Weapons Level 2  
  98  10:51  Overseer  
  98  10:52  Lurker  
  98  10:53  Lurker  
  98  10:55  Lurker  
  98  10:56  Lurker  
  102  10:59  Lurker  
  102  11:01  Drone x2  
  102  11:02  Drone  
  102  11:03  Drone  
  107  11:05  Drone  
  107  11:06  Drone  
  107  11:07  Drone  
  110  11:11  Drone x2  
  110  11:12  Drone x2  
  114  11:34  Infestation Pit  
  114  11:35  Lurker  
  114  11:37  Hydralisk  
  114  11:38  Hydralisk x4  
  124  11:42  Roach  
  124  11:43  Roach  
  124  11:46  Hatchery  
  127  11:49  Hydralisk  
  127  11:50  Hydralisk  
  127  11:53  Roach x2  
  135  11:57  Roach  
  135  11:58  Roach x2  
  139  12:08  Hydralisk x4  
  122  12:13  Roach x2  
  135  12:15  Lurker  
  135  12:16  Lurker  
  136  12:24  Roach x3  
  136  12:25  Roach  
  136  12:28  Hive  
  142  12:33  Hydralisk  
  142  12:34  Zergling x2  
  143  12:38  Zergling x2  
  143  12:39  Zergling x8  
  146  12:46  Extractor  
  146  12:48  Extractor, Drone x3  
  146  12:49  Drone x3  
  148  12:52  Lurker x3  
  145  13:10  Roach  
  145  13:11  Roach x5  
  157  13:19  Overlord x5  
  153  13:20  Overlord  
  133  13:42  Hatchery  
Show
View Real Time Build Order
Export as new Build Order

PappiJoe Protoss - Winner!

Build Orders: 1 Gate Expand, Oracle Opening, Phoenix Opening, Archon Immortal, Zealot Archon, Archon Drop 

Get SALT Encoding   

  12  0:00  Probe  
  13  0:12  Probe  
  14  0:18  Pylon  
  14  0:24  Probe  
  15  0:32  Probe  
  15  0:39  Gateway  
  15  0:40  Probe  
  16  0:47  Assimilator  
  17  0:51  Probe  
  18  1:03  Probe  
  19  1:15  Probe  
  20  1:28  Nexus  
  21  1:36  Cybernetics Core  
  21  1:37  Probe  
  21  1:48  Assimilator  
  21  1:49  Probe  
  22  1:54  Pylon  
  22  2:02  Probe  
  22  2:04  Adept  
  23  2:15  Probe  
  26  2:22  Stargate  
  26  2:28  Probe  
  27  2:30  Adept  
  29  2:38  Pylon, Probe  
  29  2:39  Probe  
  31  2:45  Warp Gate  
  31  2:46  Probe  
  31  2:47  Probe  
  32  2:54  Probe  
  32  2:57  Probe  
  34  2:59  Oracle  
  35  3:06  Probe  
  35  3:09  Probe  
  40  3:18  Probe  
  41  3:20  Gateway  
  41  3:21  Probe  
  41  3:23  Shield Battery  
  42  3:30  Probe  
  42  3:33  Probe  
  44  3:34  Assimilator  
  44  3:37  Assimilator  
  44  3:38  Pylon  
  44  3:41  Phoenix  
  46  3:54  Pylon  
  46  3:56  Probe x2  
  46  4:01  Robotics Facility  
  48  4:08  Probe x2  
  50  4:14  Twilight Council  
  50  4:15  Gateway  
  50  4:20  Probe  
  51  4:25  Probe  
  51  4:30  Gateway x2  
  52  4:40  Probe x2  
  54  4:47  Zealot x2  
  54  4:52  Probe x2  
  60  4:55  Charge  
  60  4:56  Templar Archives  
  60  5:00  Pylon  
  60  5:04  Probe  
  61  5:10  Nexus  
  61  5:11  Warp Prism  
  61  5:14  Pylon  
  63  5:24  Probe  
  63  5:25  Probe  
  65  5:29  Templar Archives  
  65  5:37  Shield Battery, Probe  
  66  5:45  Robotics Facility  
  66  5:47  Gateway, Observer  
  66  5:49  Gateway  
  67  6:00  Gateway  
  67  6:03  Gateway  
  67  6:07  Probe x2  
  67  6:08  Pylon  
  69  6:13  Immortal  
  69  6:15  High Templar  
  69  6:16  High Templar x3  
  76  6:19  Probe x2  
  76  6:20  Archon  
  76  6:21  Archon  
  76  6:23  Immortal  
  76  6:24  Probe  
  83  6:31  Probe  
  87  6:41  Sentry  
  87  6:43  Pylon  
  89  6:52  Warp Prism  
  91  6:54  Shield Battery  
  91  7:00  Zealot x3  
  97  7:02  Immortal  
  97  7:05  Zealot  
  97  7:06  Zealot  
  103  7:10  Zealot x2  
  99  7:19  Probe x3  
  99  7:20  Zealot  
  99  7:21  Zealot x2  
  108  7:26  Assimilator  
  106  7:30  Assimilator  
  106  7:33  High Templar  
  106  7:39  Pylon  
  106  7:41  High Templar x3, Pylon  
  106  7:47  Archon  
  106  7:48  Archon  
  106  7:54  Immortal, Zealot  
  106  7:58  Probe x2  
  114  7:59  Pylon  
  114  8:00  Pylon  
  114  8:10  Zealot  
  114  8:11  Zealot x4  
  121  8:13  Immortal  
  121  8:19  Zealot x2  
  123  8:26  Immortal  
  120  8:32  Forge  
  118  8:40  Zealot  
  118  8:41  Zealot x4  
  120  8:42  Zealot  
  120  8:44  Psionic Storm  
  120  8:45  Zealot  
  126  8:55  High Templar x2  
  130  9:01  Zealot x2  
  126  9:16  High Templar x3  
  126  9:17  High Templar  
  132  9:19  Nexus  
  132  9:20  Archon  
  132  9:21  Archon  
  132  9:23  Archon  
  130  9:36  Zealot x5  
  123  9:42  Zealot x2  
  123  9:43  Zealot x3  
  105  9:49  Zealot x4  
  103  10:03  Zealot x5  
  99  10:10  Zealot  
  99  10:11  Zealot x7  
  81  10:21  Immortal x2  
  81  10:23  High Templar  
  91  10:29  Probe x2  
  91  10:31  High Templar x4  
  91  10:32  High Templar  
  104  10:35  Probe  
  104  10:37  Archon x2  
  104  10:43  High Templar x2  
  104  10:45  High Templar  
  104  10:46  Protoss Ground Weapons Level 1  
  110  10:51  Probe x3  
  110  10:52  Pylon, Probe  
  110  10:54  Immortal  
  110  10:56  Observer  
  114  11:03  Probe x2  
  121  11:05  Zealot  
  121  11:06  Probe  
  121  11:07  Probe  
  125  11:12  Photon Cannon, Shield Battery  
  125  11:17  Zealot x2  
  125  11:18  Probe  
  131  11:21  Assimilator  
  131  11:25  Assimilator  
  130  11:26  Zealot  
  130  11:29  High Templar x2  
  136  11:33  Archon  
  136  11:35  Probe x2  
  136  11:36  Immortal  
  136  11:37  Observer  
  143  11:41  Oracle  
  144  11:59  Immortal  
  137  12:12  Zealot  
  137  12:13  Zealot x8  
  157  12:15  Immortal  
  157  12:24  Pylon  
  157  12:33  Stargate  
  157  12:38  Observer, Zealot, High Templar x2  
  164  12:44  High Templar, Pylon  
  164  12:45  High Templar, Archon  
  164  12:46  Pylon x2  
  168  12:51  Zealot  
  168  12:55  Observer  
  171  12:59  Observer  
  172  13:07  Zealot x4  
  172  13:11  Stargate  
  180  13:14  Fleet Beacon  
  178  13:22  Zealot  
  178  13:23  Zealot x2  
  178  13:25  Zealot x2  
  184  13:28  Zealot  
  184  13:29  Zealot x2  
  182  13:34  Zealot  
Tags
 
Add a new tag
Caveats
  • Supply blocks, unpowered buildings, or Contaminate may cause inaccurate times.
  • Supply counts are checked every 10 seconds.